 Dungeon Crawl Stone Soup version 0.19.1 (webtiles) character file.

97 Rrauwl the Ducker (level 5, -2/33 HPs)
             Began as a Kobold Monk on Dec 2, 2016.
             Slain by a gnoll (8 damage)
             ... on level 2 of the Dungeon.
             The game lasted 00:07:13 (2084 turns).

Rrauwl the Ducker (Kobold Monk)                     Turns: 2084, Time: 00:07:13

Health: -2/33      AC:  3    Str: 10    XL:     5   Next: 0%
Magic:  4/5        EV: 17    Int: 11    God:
Gold:   81         SH:  0    Dex: 17    Spells: 1 memorised, 3 levels left

rFire  . . .     SeeInvis .       - Unarmed
rCold  . . .     Gourm    .     d - +1 animal skin
rNeg   . . .     Faith    .     (shield restricted)
rPois  .         Spirit   .     (no helmet)
rElec  .         Reflect  .     (no cloak)
rCorr  .         Harm     .     (no gloves)
MR     .....                    (no boots)
Stlth  +++.......               (no amulet)
                                (no ring)
                                (no ring)

@: very slightly contaminated
A: carnivore 3
a: no special abilities


You were on level 2 of the Dungeon.
You were completely stuffed.

You visited 1 branch of the dungeon, and saw 2 of its levels.

You collected 81 gold pieces.

Inventory:

Armour
 d - a +1 animal skin (worn)
Jewellery
 c - an uncursed ring of poison resistance {unknown}
Scrolls
 i - 2 scrolls of remove curse
 j - a scroll of identify
Books
 e - a book of Minor Magic

   Spells                             Type                      Level
   a - Magic Dart                     Conjuration                  1
   b - Blink                          Translocation                2
   c - Call Imp                       Summoning                    2
   d - Repel Missiles                 Charms/Air                   2
   e - Slow                           Hexes                        2
   f - Conjure Flame                  Conjuration/Fire             3
   g - Mephitic Cloud                 Conjuration/Poison/Air       3
Comestibles
 a - 2 chunks of flesh
 b - a meat ration


   Skills:
 - Level 4.1 Fighting
 + Level 0.0 Armour
 + Level 4.3 Dodging
 + Level 3.4 Stealth
 * Level 4.0 Unarmed Combat


You had 3 spell levels left.
You knew the following spells:

 Your Spells              Type           Power        Failure   Level  Hunger
a - Magic Dart            Conj           #...         34%         1    ##.....


Dungeon Overview and Level Annotations

Branches:
Dungeon (2/15)

Altars:

Annotations:
D:2 1 runed door


Innate Abilities, Weirdness & Mutations

You are small and have problems with some larger weapons.
You are carnivorous and can eat meat at any time.


Message History

The gnoll is moderately wounded.
The gnoll barely misses you.
You barely miss the gnoll.
The gnoll is moderately wounded.
The gnoll closely misses you.
You aren't carrying any potions.
You closely miss the gnoll.
The gnoll is moderately wounded.
The gnoll hits you.
* * * LOW HITPOINT WARNING * * *
You hit the gnoll.
The gnoll is heavily wounded.
The gnoll misses you.
You hit the gnoll.
The gnoll is severely wounded.
The gnoll completely misses you.
You hit the gnoll but do no damage.
The gnoll is severely wounded.
The gnoll hits you!
You die...

## ##.. #..
...# #.# #K.#
####.# #..#
#....# #..#
#.##.# #..#
#.##.#####gK#
#.##....@gK#
#.##.#######
###.##.#
#......#
##.#.#..#
#.#.....#
##.#.#.###
#.......#
#.#####.#


You could see 2 gnolls and 2 kobolds.

Vanquished Creatures
  Ijyb (D:2)
  Robin (D:1)
  A gnoll (D:1)
  An ooze (D:1)
  A dart slug (D:1)
  A leopard gecko (D:2)
  A giant cockroach (D:2)
  7 goblins
  11 hobgoblins
  8 jackals
  3 frilled lizards
  A kobold (D:2)
  A rat (D:1)
38 creatures vanquished.

Notes
Turn   | Place    | Note
-------+----------+-------------------------------------------
     0 | D:1      | Rrauwl the Kobold Monk began the quest for the Orb.
     0 | D:1      | Reached XP level 1. HP: 14/14 MP: 1/1
   123 | D:1      | Reached XP level 2. HP: 10/19 MP: 2/2
   646 | D:1      | Reached XP level 3. HP: 24/24 MP: 3/3
   863 | D:1      | You fall through a shaft!
   863 | D:2      | Noticed Ijyb
  1202 | D:2      | Noticed Robin
  1227 | D:1      | Killed Robin
  1227 | D:1      | Reached XP level 4. HP: 9/29 MP: 4/4
  1815 | D:2      | Found a runed door.
  1886 | D:2      | Killed Ijyb
  1933 | D:2      | Reached XP level 5. HP: 32/33 MP: 5/5
  2031 | D:2      | Learned a level 1 spell: Magic Dart
  2084 | D:2      | Slain by a gnoll

Skill      XL: |  1  2  3  4 |
---------------+-------------+-----
Dodging        | 4 |  4.3
Stealth        | 3 |  3.4
Fighting       | 4 |  4.1
Unarmed Combat | 4 |  4.0

Action                   |  1- 3 |  4- 6 || total
-------------------------+-------+-------++-------
Melee: Unarmed           |   108 |    67 ||   175
       Punch             |       |     1 ||     1
  Use: Potion            |     1 |     1 ||     2
       Scroll            |       |     7 ||     7
 Stab: Sleeping          |     5 |     2 ||     7
  Eat: Chunk             |     9 |     3 ||    12
Armor: Robe              |     9 |       ||     9
       Skin              |     1 |       ||     1
       Animal skin       |       |     2 ||     2
Dodge: Dodged            |    86 |    43 ||   129
